Map: Newkirk Precinct TE (Void)

Players

Hopt - Winner!

  • Race: Terran Terran
  • League: Grandmaster
  • Spawn Location: 5:00

Railgan

  • Race: Zerg Zerg
  • League: Grandmaster
  • Spawn Location: 7:00

VOD

Have the link to the VOD?

Description

Time

  • Played on: March 11, 2017, 5:49 p.m.
  • Length: 11:39
Show
View Real Time Build Order
Export as new Build Order

Hopt Terran - Winner!

Build Orders: Reaper Expand, MMM Bio 

Get SALT Encoding   

  12  0:00  SCV  
  13  0:12  SCV  
  14  0:18  Supply Depot  
  14  0:25  SCV  
  15  0:39  SCV  
  15  0:41  Barracks  
  16  0:44  Refinery  
  16  0:51  SCV  
  17  1:03  SCV  
  18  1:15  SCV  
  19  1:28  Orbital Command  
  19  1:31  Reaper  
  20  1:41  Command Center  
  20  1:52  Barracks  
  20  1:55  SCV  
  21  2:03  Barracks Reactor  
  21  2:05  Supply Depot  
  21  2:10  SCV  
  22  2:17  Refinery  
  22  2:22  SCV  
  23  2:29  Factory  
  23  2:34  SCV  
  24  2:39  Marine x2  
  24  2:43  Barracks Tech Lab  
  26  2:46  SCV  
  27  2:58  SCV  
  27  2:59  Marine x2  
  29  3:06  Marine, Stimpack  
  29  3:10  SCV  
  31  3:23  Starport  
  31  3:24  Marine x2  
  33  3:28  Orbital Command  
  33  3:31  Factory Reactor  
  33  3:34  SCV  
  34  3:35  Marine  
  35  3:43  Marine x2  
  35  3:46  SCV  
  38  3:53  Marine  
  38  3:55  Supply Depot  
  38  3:56  SCV  
  38  3:58  SCV  
  38  4:01  Marine x2  
  42  4:08  Supply Depot  
  42  4:09  SCV  
  43  4:12  Marine  
  44  4:17  SCV  
  44  4:18  Marine  
  44  4:19  Marine  
  44  4:21  Medivac  
  44  4:23  Medivac  
  51  4:28  Supply Depot  
  51  4:30  SCV  
  51  4:31  SCV  
  53  4:35  Supply Depot  
  53  4:37  Marine  
  54  4:41  Marine  
  54  4:42  SCV  
  54  4:43  SCV  
  57  4:51  Engineering Bay, Marine  
  58  4:54  SCV  
  58  4:55  Marine  
  58  4:59  Marine  
  61  5:00  SCV  
  61  5:03  Engineering Bay  
  61  5:06  SCV  
  63  5:08  Refinery  
  63  5:09  Marine  
  63  5:13  Marine  
  64  5:17  Marine  
  64  5:19  Medivac  
  65  5:22  SCV  
  65  5:26  Marine, SCV  
  68  5:31  Marine  
  68  5:35  Marine  
  69  5:36  SCV  
  69  5:38  SCV  
  69  5:44  Marine  
  69  5:48  SCV  
  69  5:49  Marine  
  72  5:50  Terran Infantry Armor Level 1, SCV  
  72  5:51  Terran Infantry Weapons Level 1  
  72  5:53  Combat Shields  
  73  6:00  Marine, SCV  
  73  6:03  SCV  
  72  6:12  Medivac, SCV, Marine x2  
  72  6:16  Barracks  
  72  6:17  Marine  
  78  6:18  Barracks  
  78  6:22  Supply Depot x2  
  78  6:24  Factory Reactor  
  78  6:27  Supply Depot  
  78  6:31  Supply Depot  
  78  6:43  Marine x3  
  83  6:57  Starport Reactor, Armory  
  83  6:58  Barracks  
  83  7:00  Widow Mine x2  
  85  7:01  Marine x3  
  85  7:07  Barracks Reactor, Refinery  
  88  7:19  Marine x3  
  89  7:27  Marine x2  
  75  7:37  Marine x2  
  75  7:40  Marine  
  75  7:43  Marine x2  
  75  7:44  Medivac x2, Marine  
  79  7:45  Marine  
  79  7:47  Barracks Reactor  
  79  7:51  Factory Tech Lab  
  83  7:54  Marine x2, Terran Infantry Weapons Level 2  
  83  7:56  Terran Infantry Armor Level 2, Command Center  
  83  7:58  Marine  
  86  8:01  Marine x2  
  86  8:04  Marine x2  
  90  8:11  Siege Tank, Marine x2  
  90  8:12  Marine x2  
  95  8:15  Marine  
  95  8:18  Marine x2  
  100  8:21  Marine  
  100  8:22  Marine  
  102  8:28  Medivac x2  
  102  8:29  Marine x2  
  102  8:30  Marine x2  
  110  8:35  Supply Depot  
  110  8:39  Supply Depot  
  110  8:40  Supply Depot  
  110  8:47  Supply Depot  
  110  8:56  Marine x7  
  110  9:00  Supply Depot  
  110  9:01  Siege Tank  
  120  9:05  Marine x2  
  122  9:12  Supply Depot  
  122  9:14  Marine x2  
  124  9:21  Marine  
  124  9:22  Marine x3  
  128  9:25  Marine  
  128  9:26  Marine  
  128  9:30  SCV x2  
  132  9:33  Widow Mine  
  132  9:35  Marine x3  
  137  9:38  Orbital Command  
  137  9:39  Marine x2  
  137  9:40  Marine  
  140  9:50  Liberator x2  
  140  10:04  Marine  
  140  10:05  Marine  
  140  10:06  Marine x3  
  140  10:07  Marine, Siege Tank  
  132  10:25  Marine x3  
  132  10:26  Marine x6  
  129  10:43  Marine x8  
  129  10:44  Marine, Siege Tank  
  129  10:46  SCV x2  
  129  10:48  Supply Depot  
  139  11:02  Missile Turret  
  120  11:23  Missile Turret  
Show
View Real Time Build Order
Export as new Build Order

Railgan Zerg 

Build Orders: Pool First, Lurkers 

Get SALT Encoding   

  12  0:01  Drone  
  13  0:13  Overlord  
  13  0:18  Drone  
  14  0:31  Drone  
  14  0:32  Drone  
  14  0:35  Drone  
  17  0:47  Spawning Pool  
  16  0:50  Drone  
  16  0:56  Drone  
  18  1:11  Extractor  
  17  1:15  Hatchery  
  17  1:18  Drone  
  17  1:21  Drone  
  18  1:34  Zergling x2, Queen  
  21  1:40  Drone  
  22  1:50  Overlord  
  22  2:09  Drone  
  22  2:10  Queen  
  22  2:12  Drone  
  26  2:19  Metabolic Boost  
  26  2:23  Drone  
  26  2:27  Queen  
  29  2:37  Drone x2  
  30  2:42  Drone x2  
  33  2:45  Overlord  
  33  2:48  Drone x2  
  35  2:52  Drone  
  36  3:02  Overlord  
  36  3:04  Drone  
  36  3:09  Evolution Chamber  
  35  3:14  Zergling x4  
  37  3:21  Zergling x4  
  37  3:23  Drone x6  
  45  3:30  Overlord  
  45  3:36  Zerg Ground Armor Level 1  
  45  3:39  Drone  
  45  3:41  Overlord  
  46  3:43  Extractor x2  
  44  3:49  Drone  
  44  3:55  Drone x5  
  48  4:02  Lair  
  50  4:04  Extractor  
  50  4:07  Overlord  
  49  4:12  Zergling x4  
  49  4:14  Drone  
  49  4:15  Drone  
  53  4:17  Queen  
  53  4:19  Overlord  
  55  4:27  Zergling x8  
  55  4:31  Drone x2  
  61  4:33  Drone  
  61  4:35  Zergling x2  
  63  4:42  Zergling x2  
  64  4:46  Drone  
  64  4:51  Zergling x2  
  66  4:56  Zergling x2  
  66  4:57  Zergling x6  
  71  5:00  Zergling x6, Queen  
  71  5:01  Queen  
  77  5:07  Hydralisk Den  
  77  5:10  Zergling x4  
  76  5:22  Zergling x4  
  76  5:26  Overlord  
  76  5:27  Zergling x2  
  73  5:48  Muscular Augments  
  73  5:49  Zerg Ground Armor Level 2  
  73  5:50  Drone  
  73  5:52  Evolution Chamber  
  73  5:55  Hydralisk x2  
  76  5:57  Overlord  
  76  6:11  Drone x2, Hatchery  
  73  6:12  Drone  
  73  6:15  Overlord  
  75  6:24  Overlord  
  75  6:25  Hydralisk x3, Zerg Missile Weapons Level 1  
  75  6:31  Pneumatized Carapace  
  75  6:32  Hydralisk  
  83  6:33  Overlord  
  83  6:34  Hydralisk  
  83  6:39  Hydralisk  
  85  6:45  Hydralisk x2  
  91  6:49  Hydralisk x2  
  95  6:54  Hydralisk  
  95  7:00  Overlord  
  95  7:01  Lurker Den  
  97  7:11  Hydralisk x2  
  97  7:13  Overlord  
  88  7:37  Hydralisk x6  
  88  7:40  Zergling x2  
  88  7:41  Zergling x6  
  104  7:47  Zergling x6  
  104  7:51  Zergling x2  
  108  8:03  Drone x2  
  110  8:09  Drone x5  
  115  8:14  Drone x2  
  117  8:28  Lurker x5  
  117  8:29  Zerg Missile Weapons Level 2  
  117  8:30  Overlord  
  117  8:31  Overlord  
  117  8:33  Zerg Melee Weapons Level 1  
  122  8:36  Overlord  
  122  8:39  Extractor  
  121  8:41  Overlord  
  121  8:42  Extractor  
  120  8:49  Hydralisk x3  
  126  8:57  Hydralisk x2  
  130  9:20  Drone x4  
  130  9:23  Hydralisk x3  
  138  9:25  Lurker  
  138  9:27  Drone  
  138  9:28  Drone  
  138  9:29  Drone x5  
  146  9:36  Overlord, Overseer  
  146  9:53  Hydralisk x3  
  150  10:05  Hydralisk x5  
  160  10:10  Hatchery  
  160  10:13  Hydralisk  
  128  10:21  Hydralisk x6  
  128  10:22  Hydralisk x2  
  128  10:25  Zergling x2  
  128  10:26  Zergling x2  
  128  10:27  Zergling x2  
  128  10:28  Hydralisk x2  
  148  10:39  Hydralisk x2  
  148  10:42  Hydralisk  
  80  11:00  Hydralisk  
  80  11:01  Hydralisk  
  62  11:22  Zergling x4  
Tags
 
Add a new tag
Caveats
  • Supply blocks, unpowered buildings, or Contaminate may cause inaccurate times.
  • Supply counts are checked every 10 seconds.